 Dungeon Crawl Stone Soup version 0.28.0-53-g5a82cb258f (webtiles) character file.

Game seed: 4165043902474639499

291 unlimited1921 the Magician (level 6, -4/40 HPs)
             Began as a Djinni Fire Elementalist on June 23, 2022.
             Slain by Duvessa
             ... wielding a +0 short sword
              (13 damage)
             ... on level 4 of the Dungeon.
             The game lasted 00:15:17 (6550 turns).

unlimited1921 the Magician (DjFE)                   Turns: 6550, Time: 00:15:18

Health: -4/40      AC:  4    Str:  7    XL:     6   Next: 59%
Gold:   83         EV: 11    Int: 19    God:
                   SH:  0    Dex: 13

rFire   + + .      SeeInvis .   h - +3 flail
rCold   x . .      Faith    .   (no shield)
rNeg    + . .      Spirit   .   f - +1 leather armour {rN+}
rPois   ∞          Reflect  .   (no helmet)
rElec   .          Harm     .   (no cloak)
rCorr   .          Rampage  .   (no gloves)
Will    .....                   (boots unavailable)
Stlth   ++........              (no amulet)
HPRegen 0.13/turn               (no ring)
MPRegen 0.00/turn               (no ring)

@: flying, very slightly contaminated
A: sickness immunity, fire resistance 2, cold vulnerability 1, float, innate
caster, HP casting, extra vitality 1
a: no special abilities


You were on level 4 of the Dungeon.
You visited 1 branch of the dungeon, and saw 4 of its levels.

You collected 83 gold pieces.

Inventory:

Hand Weapons
 h - a +3 flail (weapon)
 k - a +1 dagger of venom
Missiles
 e - 141 stones
 g - 27 bolts
 o - 3 poisoned darts (quivered)
Armour
 f - a +1 leather armour of positive energy (worn)
 i - a +0 scale mail
Wands
 l - a wand of paralysis (23)
 n - a wand of iceblast (10)
Scrolls
 b - 7 scrolls of identify {unknown}
 c - a scroll of enchant armour {unknown}
 d - a scroll of teleportation {unknown}
 j - a scroll of noise {unknown}
 m - a scroll of blinking {unknown}
Potions
 a - a potion of brilliance {unknown}


   Skills:
 + Level 1.9 Armour
 + Level 2.5 Dodging
 + Level 2.8 Stealth
 + Level 4.4 Spellcasting


You couldn't memorise any spells.
You knew the following spells:

 Your Spells              Type           Power      Damage    Failure   Level
a - Foxfire               Conj/Fire      84%        2x1d8     3%          1
b - Scorch                Fire           42%        2d7       4%          2
c - Conjure Flame         Conj/Fire      21%        6-21      9%          3
d - Inner Flame           Hex/Fire       21%        N/A       9%          3
e - Flame Wave            Conj/Fire      21%        2d7       30%         4
f - Sandblast             Erth           42%        2d11      3%          1
g - Ensorcelled Hibernat  Hex/Ice        42%        N/A       4%          2
Your spell library was empty.

Dungeon Overview and Level Annotations

Branches:
Dungeon (4/15)
 Temple: D:4-7

Altars:

Annotations:
D:4 Duvessa


Innate Abilities, Weirdness & Mutations

You are immune to sickness and miasma.
You are immune to poison.
Your flesh is very heat resistant. (rF++)
You are vulnerable to cold. (rC-)
You float through the air rather than walking.
You learn spells naturally, not from books.
Your magical power is your life essence.
You have superior vitality. (+4 MHP)


Message History

Dowan blinks!
Duvessa drinks a potion.
Duvessa is healed!
Casting: Scorch (safe; 4% risk of failure)
Confirm with . or Enter, or press ? or * to list all spells.
Flames lash the goblin.
The goblin is almost dead.
The goblin's fire resistance burns away.
Dowan is engulfed in blazing flames.
The quokka twitches its whiskers.
Dowan is engulfed in blazing flames.
You kill Dowan!
Duvessa weeps, and shakes her weapon.
Duvessa goes berserk!
Casting: Scorch (safe; 4% risk of failure)
Confirm with . or Enter, or press ? or * to list all spells.
You miscast Scorch.
Nothing appears to happen.
Duvessa is no longer more vulnerable to fire.
Duvessa closely misses you.
Casting: Scorch (safe; 4% risk of failure)
Confirm with . or Enter, or press ? or * to list all spells.
Flames lash the quokka.
You kill the quokka!
Duvessa hits you with a +0 short sword!
* * * LOW HITPOINT WARNING * * *
A black bear comes into view.
You hear a shout!
Duvessa closely misses you.
Casting: Scorch (safe; 4% risk of failure)
Confirm with . or Enter, or press ? or * to list all spells.
Aiming: Sandblast (safe; 3% risk of failure)
Press: ? - help, Shift-Dir - straight line, f - Duvessa
Aim: Duvessa, wielding a +0 short sword and wearing a +0 leather armour (heavily wounded, berserk, inner flame, 83% to hit)
The blast of sand hits Duvessa.
Flame seeps out of Duvessa.
Duvessa is heavily wounded.
e - 141 stones
* * * LOW HITPOINT WARNING * * *
Duvessa is engulfed in blazing flames.
Flame seeps out of Duvessa.
Duvessa barely misses you.
Duvessa is engulfed in blazing flames.
Flame seeps out of Duvessa.
Duvessa hits you with a +0 short sword!
You die...

............##...h...#
.......####.##.......#
..........#.##.......#
..........#.# ...g.g.
..........#.# #.).#
..........#.# ##.##
....###...#.## #.#○#
##### #...#..####e####
..# #...####).@#...#
#.# #.....##..#.#..#
#.#####..##.#####.####
#........##.# #.#.#
.........##.# #...#
###########.# #.###
#.# #.# #.# #.# #.#
#.#


You could see Duvessa (berserk, inner flame).

Vanquished Creatures
  A black bear (D:4)
  Dowan (D:4)
  Jessica (D:2)
  A hound skeleton (D:4)
  4 adders
  2 worms
  A dart slug (D:1)
  8 orcs
  5 ball pythons
  5 endoplasms
  A giant cockroach (D:1)
  A goblin (D:1)
  8 hobgoblins
  3 jackals (D:4)
  3 kobolds
  4 quokkas
  5 bats
  5 frilled lizards
  6 rats
65 creatures vanquished.

Vanquished Creatures (collateral kills)
  A foxfire (D:1)
1 creature vanquished.

Vanquished Creatures (others)
  138 foxfires
138 creatures vanquished.

Grand Total: 204 creatures vanquished

Notes
Turn   | Place    | Note
-------+----------+-------------------------------------------
     0 | D:1      | unlimited1921 the Djinni Fire Elementalist began the quest
                  | for the Orb.
     0 | D:1      | Reached XP level 1. HP: 15/15 MP: 0/0
     2 | D:1      | Noticed a merfolk
     2 | D:1      | Noticed a naga
     4 | D:1      | Noticed a troll
     8 | D:1      | Noticed a gargoyle
    10 | D:1      | Noticed a demigod
    12 | D:1      | Noticed a tengu
    12 | D:1      | Noticed a dwarf
    14 | D:1      | Noticed a ghoul
    14 | D:1      | Noticed a formicid
    16 | D:1      | Noticed a vampire
    16 | D:1      | Noticed an elf
    18 | D:1      | Noticed an octopode
    18 | D:1      | Noticed a demonspawn
    20 | D:1      | Noticed a spriggan
    20 | D:1      | Noticed a felid
    22 | D:1      | Noticed a vine stalker
    22 | D:1      | Noticed an ogre
    24 | D:1      | Noticed a draconian
    24 | D:1      | Noticed a minotaur
    26 | D:1      | Noticed a human
   662 | D:1      | Reached XP level 2. HP: 19/21 MP: 0/0
  1893 | D:1      | Reached skill level 3 in Spellcasting
  2297 | D:1      | Reached XP level 3. HP: 22/25 MP: 0/0
  2297 | D:1      | Learned a level 1 spell: Sandblast
  2791 | D:2      | Noticed Jessica
  2795 | D:2      | Killed Jessica
  2796 | D:2      | Reached XP level 4. HP: 19/31 MP: 0/0
  3879 | D:2      | Found a faded altar of an unknown god.
  4302 | D:3      | Reached XP level 5. HP: 32/35 MP: 0/0
  4302 | D:3      | Learned a level 2 spell: Ensorcelled Hibernation
  5170 | D:4      | Reached skill level 4 in Spellcasting
  5203 | D:4      | Noticed a black bear
  5208 | D:4      | Killed a black bear
  5209 | D:4      | Reached skill level 1 in Armour
  5209 | D:4      | Reached XP level 6. HP: 32/40 MP: 0/0
  6537 | D:4      | Noticed Duvessa
  6540 | D:4      | Noticed Dowan
  6545 | D:4      | Killed Dowan
  6547 | D:4      | Noticed a black bear
  6550 | D:4      | Slain by Duvessa

Illustrated notes

Levels and vault maps discovered:
D:1:      kb_arrival_jail, layout_loops_ring, minmay_shallow_snake_nest
D:2:      layout_basic, hellmonk_ecumenical_altar_inner_sanctum, uniq_jessica
D:3:      layout_basic
D:4:      layout_basic, minmay_misc_feat_five, interstate_on_off,
          wad_rectangle_vault, uniq_duvessa

Skill      XL: |  1  2  3  4  5 |
---------------+----------------+-----
Spellcasting   | 3 4 |  4.4
Stealth        | 2 |  2.8
Armour         | 1 |  1.9
Dodging        | |  2.5

Action                   |  1- 3 |  4- 6 || total
-------------------------+-------+-------++-------
Melee: Unarmed           |     2 |       ||     2
 Cast: Foxfire           |    39 |    55 ||    94
       Scorch            |     5 |    19 ||    24
       Inner Flame       |     1 |    10 ||    11
       Sandblast         |       |     3 ||     3
       Ensorcelled Hiber |       |     1 ||     1
Armor: Robe              |     1 |       ||     1
       Leather armour    |       |     6 ||     6
Dodge: Dodged            |     5 |     9 ||    14
